 Dungeon Crawl Stone Soup version 0.29-a0-451-gfbfa42419e (webtiles) character file.

Game seed: 16992158580298744483

399112 pyrow613 the Devastator (level 21, -14/184 HPs)
             Began as a Demigod Conjurer on May 12, 2022.
             Demolished by an azure jelly (15 damage)
             ... on level 5 of the Pits of Slime on May 19, 2022.
             The game lasted 07:50:39 (70699 turns).

pyrow613 the Devastator (Demigod Conjurer)         Turns: 70699, Time: 07:50:40

Health: -14/184    AC: 12    Str: 23    XL:     21   Next: 30%
Magic:  30/46      EV: 10    Int: 36    God:
Gold:   5384       SH: 11    Dex: 18    Spells: 11/50 levels left

rFire   + + +      SeeInvis .   t - staff of conjuration
rCold   . . .      Faith    .   K - +0 kite shield {reflect}
rNeg    . . .      Spirit   .   X - +7 scale mail of Dithmenos's Anger {+Inv rPois rF+++ Int-2}
rPois   +          Reflect  +   (helmet restricted)
rElec   .          Harm     .   d - +0 cloak
rCorr   +          Rampage  +   n - +2 pair of gloves of the Flute {Str+3}
Will    ++...      Clarity  +   a - +2 pair of boots "Dughis" {Rampage Drain Dex+2}
Stlth   +.........              x - amulet of magic regeneration
HPRegen 0.40/turn               w - ring of resist corrosion
MPRegen 0.70/turn               H - +6 ring of intelligence

@: corroded, studying Throwing
A: high MP 1, forlorn, divine attributes, antennae 1, agile 2, clarity, dopey 2,
wild magic 1
}: 2/15 runes: decaying, gossamer
a: Evoke Invisibility


You were on level 5 of the Pits of Slime.
You visited 9 branches of the dungeon, and saw 44 of its levels.
You also visited: Sewer, Ossuary, Bailey, Ice Cave and Desolation.

You collected 6887 gold pieces.
You spent 1503 gold pieces at shops.

Inventory:

Missiles
 m - 7 curare-tipped darts
 G - 11 datura-tipped darts
 S - 3 throwing nets
Armour
 a - the +2 pair of boots "Dughis" (worn) {Rampage Drain Dex+2}
   (You found it in the Desolation of Salt)

   Dex:       It affects your dexterity (+2).
   Drain:     It drains your maximum health when unequipped.
   Rampage:   It bestows one free step when moving towards enemies.
 d - a +0 cloak (worn)
 h - a +2 helmet of see invisible
 n - the +2 pair of gloves of the Flute (worn) {Str+3}
   (You found it in the Desolation of Salt)

   Str:       It affects your strength (+3).
 y - a +1 pair of boots of flying
 K - a +0 kite shield of reflection (worn)
 X - the +7 scale mail of Dithmenos's Anger (worn) {+Inv rPois rF+++ Int-2}
   (You found it on level 15 of the Dungeon)

   Int:       It affects your intelligence (-2).
   rF:        It renders you almost immune to fire.
   rPois:     It protects you from poison.
   +Inv:      It lets you turn invisible.
Magical Staves
 t - a staff of conjuration (weapon)
Jewellery
 b - a ring of positive energy
 w - a ring of resist corrosion (left hand)
 x - an amulet of magic regeneration (around neck)
 F - a ring of flight
 H - a +6 ring of intelligence (right hand)
 M - a ring of positive energy
Wands
 v - a wand of digging (8)
 I - a wand of polymorph (11)
 L - a wand of flame (20)
 N - a wand of iceblast (29)
 Z - a wand of acid (19)
Scrolls
 c - 12 scrolls of teleportation
 f - 3 scrolls of fear
 g - 5 scrolls of fog
 k - 4 scrolls of blinking
 q - 4 scrolls of amnesia
 r - a scroll of enchant armour
 s - 2 scrolls of summoning
 B - a scroll of enchant weapon
 C - 9 scrolls of poison
 P - 5 scrolls of magic mapping
 W - 3 scrolls of brand weapon
 Y - 4 scrolls of silence
Potions
 e - 11 potions of flight
 i - 8 potions of brilliance
 j - 22 potions of curing
 l - 9 potions of lignification
 o - 4 potions of magic
 p - 11 potions of haste
 u - 7 potions of heal wounds
 A - 4 potions of berserk rage
 D - 5 potions of might
 J - 3 potions of resistance
 R - 4 potions of cancellation
 T - 3 potions of invisibility
 U - 9 potions of ambrosia
 V - 3 potions of mutation
Miscellaneous
 Q - a phantom mirror


   Skills:
 + Level 15.2 Fighting
 + Level 3.2 Staves
 + Level 12.0 Armour
 - Level 3.0 Dodging
 - Level 3.0 Stealth
 + Level 7.1 Shields
 + Level 15.3 Spellcasting
 + Level 19.8 Conjurations
 - Level 8.6 Hexes
 - Level 6.4 Translocations
 * Level 14.1 Ice Magic
 - Level 6.0 Air Magic
 * Level 8.9 Earth Magic


You had 11 spell levels left.
You knew the following spells:

 Your Spells              Type           Power      Damage    Failure   Level
a - Magic Dart            Conj           100%       1d8       1%          1
b - Searing Ray           Conj           100%       2d8       1%          2
c - Fulminant Prism       Conj/Hex       65%        3d28      1%          4
d - Stone Arrow           Conj/Erth      100%       3d13      1%          3
e - Iskenderun's Mystic   Conj/Tloc      100%       2d19      1%          4
f - Poisonous Vapours     Pois/Air       100%       N/A       5%          2
g - Passwall              Tmut/Erth      55%        N/A       3%          2
h - Call Imp              Summ           35%        N/A       16%         2
i - Orb of Destruction    Conj           73%        9d17      3%          7
j - Freezing Cloud        Conj/Ice/Air   63%        6-21      1%          5
k - Hailstorm             Conj/Ice       100%       3d20      1%          4
l - Summon Guardian Gole  Hex/Summ       66%        N/A       6%          3

Your spell library contained the following spells:

 Spells                   Type           Power      Damage    Failure   Level
 Apportation              Tloc           100%       N/A       1%          1
 Foxfire                  Conj/Fire      100%       2x1d9     1%          1
 Freeze                   Ice            100%       1d11      1%          1
 Sandblast                Erth           100%       2d20      1%          1
 Ensorcelled Hibernation  Hex/Ice        100%       N/A       1%          2
 Dazzling Flash           Conj/Hex       100%       N/A       1%          3
 Frozen Ramparts          Ice            100%       1d12      1%          3
 Mephitic Cloud           Conj/Pois/Air  100%       N/A       1%          3
 Tukima's Dance           Hex            86%        N/A       1%          3
 Portal Projectile        Hex/Tloc       100%       N/A       2%          3
 Flame Wave               Conj/Fire      100%       2d17      2%          4
 Cause Fear               Hex            43%        N/A       3%          4
 Metabolic Englaciation   Hex/Ice        48%        N/A       3%          5
 Irradiate                Conj/Tmut      57%        3d32      5%          5
 Inner Flame              Hex/Fire       66%        N/A       6%          3
 Ice Form                 Ice/Tmut       80%        N/A       7%          4
 Summon Ice Beast         Ice/Summ       80%        N/A       7%          4
 Lee's Rapid Deconstruct  Erth           44%        3d22*     8%          5
 Animate Skeleton         Necr           70%        N/A       12%         1
 Beastly Appendage        Tmut           70%        N/A       12%         1
 Pain                     Necr           100%       1d9       12%         1
 Summon Small Mammal      Summ           100%       N/A       12%         1
 Wereblood                Tmut           35%        N/A       16%         2
 Anguish                  Hex/Necr       33%        N/A       17%         4
 Animate Armour           Summ/Erth      100%       N/A       17%         4
 Starburst                Conj/Fire      57%        6d15      26%         6
 Call Canine Familiar     Summ           35%        N/A       30%         3
 Ignite Poison            Fire/Tmut/Pois 35%        N/A       30%         3
 Spider Form              Tmut/Pois      35%        N/A       30%         3
 Vampiric Draining        Necr           35%        2d8       30%         3
 Corpse Rot               Necr/Pois/Air  53%        N/A       41%         4
 Yara's Violent Unravell  Hex/Tmut       33%        3d14      43%         5
 Summon Forest            Summ/Tloc      30%        N/A       56%         5
 Simulacrum               Ice/Necr       40%        N/A       61%         6
 Animate Dead             Necr           35%        N/A       67%         4
 Spellforged Servitor     Conj/Summ      57%        N/A       78%         7
 Lehudib's Crystal Spear  Conj/Erth      65%        10d15     85%         8
 Enfeeble                 Hex            43%        N/A       91%         7
 Alistair's Intoxication  Tmut/Pois      23%        N/A       94%         5
 Blade Hands              Tmut           17%        N/A       94%         5
 Dragon Form              Tmut           17%        N/A       100%        7
 Haunt                    Necr/Summ      17%        N/A       100%        7
 Discord                  Hex            43%        N/A       100%        8
 Infestation              Necr           17%        N/A       100%        8
 Polar Vortex             Ice            53%        N/A       100%        9


Dungeon Overview and Level Annotations

Branches:
Dungeon (15/15)            Temple (0/1) D:4            Lair (6/6) D:10
  Swamp (4/4) Lair:2       Spider (4/4) Lair:2        Slime (5/5) Lair:6
    Orc (2/2) D:11            Elf (3/3) Orc:2        Vaults (4/5) D:13
  Crypt (1/3) Vaults:3     Depths (0/4) D:15          Sewer (visited)
Ossuary (visited)          Bailey (visited)           IceCv (visited)
Desolation (visited)

Shops:
Orc:2 ?!*?   Elf:1 *(((*   Elf:2 !   Vaults:1 [

Portals:
Trove: Vaults:3 (give +3 shadow dragon scales)

Annotations:
D:5 2 transporters, exclusion: upstairs, Juicyj's ghost, novice DrBe
D:12 2 transporters
Lair:1 2 transporters, Eringya's ghost, journeyman OpCj
Spider:3 3 runed translucent doors, dolemite99's ghost, adept DsGl
Elf:2 6 runed translucent doors, exclusion: 6 doors, Foybonoth's ghost, adept MiFi


Innate Abilities, Weirdness & Mutations

You have an increased reservoir of magic. (+10% MP)
You shall have no god before yourself.
Your divine heritage dramatically boosts your attributes as you level up.
You have a pair of small antennae on your head.
You are very agile. (Dex +4)
You possess an exceptional clarity of mind.
You are very dopey. (Int -4)
Your spells are a little harder to cast, but a little more powerful.


Message History

The rockslime is knocked back by the mystic blast.
You block the rockslime's attack.
Unknown command.
Unknown command.
Casting: Iskenderun's Mystic Blast (mildly dangerous; 1% risk of failure)
Confirm with . or Enter, or press ? or * to list all spells.
You feel a surge of power!
You erupt in a blast of force!
The mystic blast hits the acid blob!!
You kill the acid blob!
The mystic blast hits the slime creature!!
You kill the slime creature!
The mystic blast hits the azure jelly!!
The azure jelly is almost dead.
The azure jelly is knocked back by the mystic blast.
The mystic blast hits the rockslime but does no damage.
The rockslime is severely wounded.
The mystic blast hits the rockslime but does no damage.
The rockslime is heavily wounded.
The rockslime hits you!!
* * * LOW HITPOINT WARNING * * *
You stumble backwards!
You block the rockslime's attack.
Unknown command.
The rockslime hits you!
* * * LOW HITPOINT WARNING * * *
You stumble backwards!
Okay, then.
Okay, then.
Okay, then.
You feel much better.
A quicksilver ooze comes into view.
The rockslime hits you!!
* * * LOW HITPOINT WARNING * * *
You stumble backwards!
The azure jelly hits you.
* * * LOW HITPOINT WARNING * * *
The azure jelly freezes you!!
* * * LOW HITPOINT WARNING * * *
The azure jelly hits you.
* * * LOW HITPOINT WARNING * * *
The azure jelly freezes you!
You die...

................
#................
##..................
#...................
#..................#
.................#
.................#
.........J.......#
........JJ@......#
...J.....J.....###
......J..J..##.#
.......<...## ##
.........###
.........#
.........#
........## .......##


You could see 2 acid blobs, an azure jelly, 2 rockslimes and 2 quicksilver
oozes.

Vanquished Creatures
  A dread lich (Vaults:3)
  Saint Roka (Vaults:3)
  Nikola (Spider:4)
  Arachne (Spider:2)
  A tentacled monstrosity (Swamp:3)
  Rupert (Lair:3)
  The ghost of gowby the Worldbinder, an adept BaIE of Zin (Elf:3)
  2 deep elf master archers (Elf:3)
  An Ice Fiend (IceCv)
  2 deep elf blademasters (Elf:3)
  A sphinx (Vaults:4)
  11 acid blobs
  3 thorn hunters
  Donald (Spider:2)
  A tengu reaver (Vaults:2)
  4 azure jellies
  A fenstrider witch (Swamp:4)
  5 deep elf sorcerers (Elf:3)
  5 rockslimes
  2 imperial myrmidons (Desolation)
  8 vault wardens
  4 emperor scorpions (Spider:4)
  2 orc warlords
  9 ghost moths
  Aizul (Spider:4)
  A ghoul (Vaults:3)
  2 deep elf elementalists (Elf:3)
  13 ironbound preservers
  4 war gargoyles
  3 quicksilver oozes
  2 broodmothers
  The ghost of Akli Xiu the Stormcaller, a journeyman OpAE of Gozag (Lair:6)
  9 entropy weavers
  6 deep elf annihilators (Elf:3)
  8 bunyips
  7 ironbound thunderhulks
  A vampire knight (Vaults:3)
  7 deep elf demonologists (Elf:3)
  5 eleionomae
  6 dire elephants
  A spark wasp (Spider:3)
  5 deep elf death magi (Elf:3)
  A halazid warlock (Desolation)
  5 crystal guardians
  10 yaktaur captains
  3 deep elf high priests
  Josephine (Lair:4)
  An ettin (Vaults:4)
  14 great orbs of eyes
  4 ragged hierophants (Desolation)
  3 servants of whispers (Desolation)
  11 boulder beetles
  8 vault guards (D:13)
  3 radroaches
  14 peacekeepers
  16 hydras
  2 caustic shrike simulacra (IceCv)
  4 ghost crabs
  6 ironbound frosthearts
  4 catoblepae (Lair:6)
  13 centaur warriors
  An anaconda (shapeshifter) (D:15)
  16 dancing weapons
  7 two-headed ogres
  3 alligators
  A tengu warrior (D:15)
  11 death yaks
  6 death scarabs (Spider:4)
  5 orc high priests
  A spectral emperor scorpion (Spider:4)
  A spriggan berserker (Swamp:4)
  16 deep elf knights
  8 pharaoh ants
  36 deep trolls
  4 goliath frogs
  9 steelbarb worms
  13 swamp dragons
  7 orb spiders
  An obsidian statue (IceCv)
  3 spriggan druids
  17 deep elf archers
  3 glowing orange brains
  13 bog bodies
  3 spectral wolf spiders (Spider:4)
  3 lindwurms
  7 wizards
  3 spriggan simulacra (IceCv)
  9 orc knights
  15 ironbound convokers
  8 harpies (Vaults:1)
  26 deep elf pyromancers
  2 will-o-the-wisps
  35 ugly things
  28 deep elf zephyrmancers
  5 shining eyes
  16 wolf spiders
  5 manticores
  5 orc sorcerers
  An oklob plant (Lair:6)
  9 cyclopes
  3 moths of wrath
  5 elephants (Lair:4)
  13 vault sentinels
  4 black mambas
  2 eyes of devastation
  10 cane toads
  4 molten gargoyles (Desolation)
  3 gargoyles
  7 torpor snails
  An unseen horror (D:12)
  7 demonic crawlers
  An unseen horror (shapeshifter) (D:14)
  5 rime drakes
  15 komodo dragons
  3 spectral redbacks (Spider:4)
  3 anaconda simulacra (IceCv)
  3 freezing wraiths (IceCv)
  44 yaktaurs
  2 redback zombies (Spider:4)
  3 tengu conjurers (D:15)
  10 entropy weaver simulacra (IceCv)
  6 ice devils (IceCv)
  A bloated husk (Swamp:1)
  3 meliai (D:13)
  5 trolls
  A queen bee (D:13)
  7 tyrant leeches
  2 spectral jumping spiders (Spider:4)
  4 spectral culicivoras (Spider:4)
  A spectral tarantella (Spider:4)
  28 tarantellas
  2 jumping spider zombies (Spider:4)
  9 hornets
  85 slime creatures
  36 saltlings (Desolation)
  5 polar bears
  3 tarantella zombies (Spider:4)
  25 blink frogs
  26 culicivoras
  20 jumping spiders
  3 water elementals
  6 air elementals
  A dire elephant simulacrum (IceCv)
  7 wraiths
  9 spriggans
  3 fire elementals
  Grum (D:11)
  70 yaks
  4 basilisks
  4 wyverns
  5 golden eyes (Slime:2)
  41 redbacks
  6 vampire mosquitoes
  6 minotaur simulacra (IceCv)
  A harpy simulacrum (IceCv)
  6 wargs
  A hydra simulacrum (IceCv)
  17 swamp worms
  20 water moccasins
  A floating eye (Slime:2)
  4 acid dragons
  4 swamp drakes (Swamp:4)
  48 orc warriors
  An ettin simulacrum (IceCv)
  6 black bears
  An ice beast (D:7)
  5 centaurs
  2 sky beasts (D:8)
  A wolf (shapeshifter) (Elf:1)
  13 ogres
  10 wolves
  5 boggarts (Vaults:2)
  A phantom (D:4)
  6 kobold brigands
  8 bullfrogs
  An earth elemental (Elf:1)
  3 necrophages
  3 scorpions
  12 deep troll simulacra (IceCv)
  8 wights
  A lindwurm simulacrum (IceCv)
  31 killer bees
  4 electric eels
  8 howler monkeys
  4 centaur zombies (Ossuary)
  34 orc priests
  A jelly (D:6)
  6 hounds
  A gnoll shaman (D:4)
  2 iguanas
  36 orc wizards
  A statue (D:5)
  2 hound zombies (Ossuary)
  3 mummies (Ossuary)
  Robin (D:2)
  4 gnolls (D:4)
  4 river rats (Sewer)
  15 adders
  2 shadow imps
  A white imp (D:5)
  An ufetubus (D:6)
  2 worms
  5 adder zombies (Ossuary)
  4 dart slugs
  160 orcs
  14 endoplasms
  8 giant cockroaches
  5 hobgoblins
  8 jackals
  9 quokkas
  14 ball pythons
  12 bats
  7 frilled lizards
  2 gnoll zombies (Ossuary)
  21 goblins
  5 hobgoblin zombies (Ossuary)
  6 jackal zombies (Ossuary)
  13 kobolds
  3 kobold zombies (Ossuary)
  An orc zombie (Ossuary)
  4 quokka zombies (Ossuary)
  4 rats
  3 rat zombies (Ossuary)
  8 briar patches (Swamp:4)
  4 fulminant prisms
1891 creatures vanquished.

Vanquished Creatures (collateral kills)
  2 vault wardens (Vaults:2)
  A centaur warrior (Vaults:2)
  A slime creature (Vaults:2)
4 creatures vanquished.

Vanquished Creatures (others)
  A bunyip (Swamp:1)
  3 death scarabs (Spider:4)
  A deep elf knight (Elf:2)
  A pharaoh ant (Spider:1)
  A wizard (D:14)
  A wolf spider (Lair:2)
  A jumping spider (Spider:4)
  5 briar patches (Swamp:4)
  6 foxfires
  839 fulminant prisms
  58 fungi
  149 plants
1066 creatures vanquished.

Grand Total: 2961 creatures vanquished

Notes
Turn   | Place    | Note
-------+----------+-------------------------------------------
     0 | D:1      | pyrow613 the Demigod Conjurer began the quest for the Orb.
     0 | D:1      | Reached XP level 1. HP: 14/14 MP: 5/5
   409 | D:1      | Reached XP level 2. HP: 22/22 MP: 2/7
   478 | D:1      | Learned a level 2 spell: Searing Ray
  1215 | D:2      | Reached skill level 4 in Conjurations
  1233 | D:2      | Reached XP level 3. HP: 27/27 MP: 1/8
  1299 | D:2      | Noticed Robin
  1309 | D:2      | Killed Robin
  1385 | D:2      | Reached skill level 1 in Fighting
  2579 | D:3      | Reached XP level 4. HP: 14/35 MP: 3/10
  2771 | D:3      | Found a glowing drain.
  2788 | Sewer    | Entered a sewer
  3359 | Sewer    | Reached XP level 5. HP: 40/40 MP: 3/11
  4340 | D:3      | Learned a level 4 spell: Fulminant Prism
  5169 | D:4      | Reached XP level 6. HP: 42/48 MP: 7/13
  5287 | D:4      | Reached skill level 5 in Conjurations
  5395 | D:4      | Learned a level 3 spell: Stone Arrow
  5427 | D:4      | Reached skill level 1 in Hexes
  5472 | D:4      | Reached skill level 1 in Earth Magic
  5819 | D:4      | Found a staircase to the Ecumenical Temple.
  6006 | D:5      | Entered Level 5 of the Dungeon
  6006 | D:5      | Noticed a yak
  6006 | D:5      | Noticed a yak
  6006 | D:5      | Noticed a yak
  6028 | D:4      | Reached XP level 7. HP: 32/55 MP: 11/15
  7026 | D:5      | Reached skill level 6 in Conjurations
  7291 | D:5      | Found a transporter.
  7302 | D:5      | Noticed Juicyj's ghost (novice DrBe)
  7344 | D:5      | Killed a yak
  7347 | D:5      | Found a transporter.
  7399 | D:5      | Noticed a yak
  7411 | D:5      | Noticed a yak
  7413 | D:5      | Noticed a yak
  7417 | D:5      | Killed a yak
  7418 | D:5      | Reached XP level 8. HP: 61/61 MP: 11/17
  7436 | D:5      | Reached skill level 7 in Conjurations
  7889 | D:6      | Found a sand-covered staircase.
  7896 | Ossuary  | Entered an ossuary
  8048 | Ossuary  | Reached XP level 9. HP: 67/67 MP: 17/19
  8173 | Ossuary  | Reached skill level 8 in Conjurations
  8406 | D:6      | Reached skill level 5 in Spellcasting
  8412 | D:6      | Learned a level 4 spell: Iskenderun's Mystic Blast
  8415 | D:6      | Learned a level 2 spell: Poisonous Vapours
  8891 | D:7      | Reached skill level 1 in Translocations
  9819 | D:8      | Found a flagged portal.
  9830 | Bailey   | Entered a bailey
  9925 | Bailey   | Reached skill level 5 in Hexes
 10073 | Bailey   | Reached skill level 9 in Conjurations
 10088 | Bailey   | Reached skill level 5 in Earth Magic
 10095 | Bailey   | Noticed an orc knight
 10105 | Bailey   | Killed an orc knight
 10106 | Bailey   | Reached XP level 10. HP: 56/73 MP: 9/22
 10139 | Bailey   | Noticed an orc knight
 10149 | Bailey   | Killed an orc knight
 10547 | D:7      | Upgraded the game from 0.29-a0-398-ge13fd1374b to
                  | 0.29-a0-409-gd843f3a48c
 11974 | D:9      | Reached skill level 1 in Shields
 12742 | D:9      | Reached skill level 10 in Conjurations
 12866 | D:9      | Gained mutation: You are agile. (Dex +2) [potion of
                  | mutation]
 12866 | D:9      | Gained mutation: You have a pair of small horns on your
                  | head. [potion of mutation]
 12866 | D:9      | Gained mutation: You are partially covered in large bone
                  | plates. (SH +4) [potion of mutation]
 12960 | D:10     | Entered Level 10 of the Dungeon
 13082 | D:10     | Learned a level 2 spell: Passwall
 13393 | D:10     | Found a staircase to the Lair.
 13689 | D:11     | Noticed a boulder beetle
 13728 | D:11     | Killed a boulder beetle
 14108 | D:11     | Reached XP level 11. HP: 68/79 MP: 16/24
 14272 | D:11     | Noticed Grum
 14282 | D:11     | Killed Grum
 14331 | D:11     | Found a staircase to the Orcish Mines.
 14900 | Lair:1   | Entered Level 1 of the Lair of Beasts
 14997 | Lair:1   | Reached skill level 5 in Translocations
 15014 | Lair:1   | Reached skill level 11 in Conjurations
 15043 | Lair:1   | Noticed a seven-headed hydra
 15049 | Lair:1   | Killed a seven-headed hydra
 15309 | Lair:1   | Noticed a four-headed hydra
 15322 | Lair:1   | Killed a four-headed hydra
 15652 | Lair:1   | You fall into a shaft and drop 1 floor!
 15727 | Lair:1   | Noticed Eringya's ghost (journeyman OpCj)
 15729 | Lair:1   | Noticed a five-headed hydra
 15746 | Lair:1   | Lost mutation: You are agile. (Dex +2) [potion of mutation]
 15746 | Lair:1   | Lost mutation: You are partially covered in large bone
                  | plates. (SH +4) [potion of mutation]
 15746 | Lair:1   | Gained mutation: You are partially covered in large bone
                  | plates. (SH +4) [potion of mutation]
 15747 | Lair:1   | Lost mutation: You are partially covered in large bone
                  | plates. (SH +4) [potion of mutation]
 15747 | Lair:1   | Lost mutation: You have a pair of small horns on your head.
                  | [potion of mutation]
 15747 | Lair:1   | Gained mutation: You have sharp toenails. [potion of
                  | mutation]
 15747 | Lair:1   | Gained mutation: Your flesh is heat resistant. (rF+)
                  | [potion of mutation]
 15747 | Lair:1   | Gained mutation: You tend to lose your temper in combat.
                  | [potion of mutation]
 15763 | Lair:1   | Found a transporter.
 15956 | Lair:1   | Found a transporter.
 16187 | Lair:2   | Found a hole to the Spider Nest.
 16217 | Lair:2   | Reached XP level 12. HP: 90/90 MP: 7/27
 16775 | Lair:2   | Found a staircase to the Swamp.
 17093 | Lair:3   | Reached skill level 5 in Shields
 17187 | Lair:3   | Reached skill level 12 in Conjurations
 17278 | Lair:3   | Noticed Rupert
 17279 | Lair:3   | Paralysed by Rupert for 4 turns
 17373 | Lair:2   | Learned a level 2 spell: Call Imp
 17392 | Lair:3   | Killed Rupert
 18359 | Lair:4   | Reached skill level 5 in Fighting
 18565 | Lair:4   | Identified 2 scrolls of acquirement
 18569 | Lair:4   | Acquired a staff of conjuration
 18758 | Lair:4   | Noticed Josephine
 18769 | Lair:4   | Killed Josephine
 19230 | Lair:5   | Reached skill level 13 in Conjurations
 19325 | Lair:5   | Noticed a four-headed hydra
 19332 | Lair:5   | Reached XP level 13. HP: 102/102 MP: 24/30
 19557 | Lair:5   | Acquired a book of Dangerous Friends
 19567 | Lair:5   | Learned a level 7 spell: Orb of Destruction
 20395 | Lair:5   | Reached skill level 14 in Conjurations
 20949 | Lair:6   | Entered Level 6 of the Lair of Beasts
 21096 | D:12     | Found a transporter.
 21108 | D:12     | Found a transporter.
 22083 | D:13     | Reached skill level 15 in Conjurations
 22099 | D:13     | Upgraded the game from 0.29-a0-409-gd843f3a48c to
                  | 0.29-a0-416-g83a48905f1
 22474 | D:13     | Found a gate to the Vaults.
 22630 | D:13     | Reached XP level 14. HP: 83/113 MP: 19/32
 23669 | Orc:1    | Entered Level 1 of the Orcish Mines
 24113 | Orc:2    | Entered Level 2 of the Orcish Mines
 24402 | Orc:2    | Reached skill level 16 in Conjurations
 24630 | Orc:1    | Reached skill level 10 in Spellcasting
 25168 | Orc:2    | Found Arexibbo's Magic Scroll Boutique.
 25175 | Orc:2    | Bought a scroll of identify for 36 gold pieces
 25175 | Orc:2    | Bought a scroll of identify for 36 gold pieces
 25219 | Orc:2    | Found Heddu's General Store.
 25227 | Orc:2    | Bought the +0 pair of gloves of Levity {rF+} for 240 gold
                  | pieces
 25930 | Orc:2    | Found a staircase to the Elven Halls.
 26009 | Orc:2    | Noticed an orc warlord
 26026 | Orc:2    | Killed an orc warlord
 26260 | Orc:2    | Found Minti's Magic Scroll Boutique.
 26494 | Orc:2    | Found Zagog's Distillery.
 26502 | Orc:2    | Bought a potion of heal wounds for 65 gold pieces
 26502 | Orc:2    | Bought a potion of magic for 104 gold pieces
 27701 | Lair:6   | Found a staircase to the Slime Pits.
 27719 | Lair:6   | Found a runed translucent door.
 27721 | Lair:6   | Noticed Akli Xiu's ghost (journeyman OpAE)
 27724 | Lair:6   | Identified the +6 rapier "Caiz" {chaos, Fragile rF+++ Str+3
                  | Dex+4}
 27752 | Lair:6   | HP: 4/118 [basilisk (2)]
 27764 | Lair:6   | Reached skill level 17 in Conjurations
 28205 | Lair:6   | Reached XP level 15. HP: 124/124 MP: 25/34
 29004 | Lair:6   | Learned a level 5 spell: Freezing Cloud
 29094 | Swamp:1  | Entered Level 1 of the Swamp
 29335 | Swamp:1  | Reached skill level 1 in Ice Magic
 29335 | Swamp:1  | Reached skill level 1 in Air Magic
 29729 | Swamp:1  | Identified the +1 war axe of Rywkex {speed, Contam rCorr
                  | Stlth+}
 30215 | Swamp:2  | Noticed a thorn hunter
 30222 | Swamp:2  | Killed a thorn hunter
 31232 | Swamp:3  | Noticed a tentacled monstrosity
 31250 | Swamp:3  | Killed a tentacled monstrosity
 31251 | Swamp:3  | Reached skill level 10 in Fighting
 31626 | Swamp:4  | Entered Level 4 of the Swamp
 31858 | Swamp:4  | Noticed a fenstrider witch
 31881 | Swamp:4  | Killed a fenstrider witch
 31999 | Swamp:4  | Reached skill level 5 in Ice Magic
 32006 | Swamp:4  | Reached skill level 5 in Air Magic
 32074 | Swamp:4  | Reached XP level 16. HP: 78/134 MP: 4/36
 32575 | Swamp:4  | Got a decaying rune of Zot
 33030 | Spider:1 | Entered Level 1 of the Spider Nest
 33229 | Slime:1  | Entered Level 1 of the Pits of Slime
 33253 | Slime:1  | Reached skill level 18 in Conjurations
 33257 | Slime:1  | Noticed an acid blob
 33513 | D:15     | Entered Level 15 of the Dungeon
 34075 | D:15     | Identified the +7 scale mail of Dithmenos's Anger {+Inv
                  | rPois rF+++ Int-2}
 34180 | D:15     | Reached skill level 1 in Armour
 34976 | D:15     | Found a staircase to the Depths.
 35244 | Elf:1    | Entered Level 1 of the Elven Halls
 35385 | Elf:1    | Found a frozen archway.
 35449 | IceCv    | Entered an ice cave
 35622 | IceCv    | Reached skill level 5 in Armour
 35966 | IceCv    | Identified the +3 leather armour of Xokhlium {rC+ rN+
                  | Dex-5}
 36709 | IceCv    | Noticed an Ice Fiend
 36715 | IceCv    | Killed an Ice Fiend
 37158 | IceCv    | Identified the +1 robe of the Pink Corner {rElec rCorr
                  | Int-5}
 37327 | Elf:1    | Found Deggival's Antique Weapon Shoppe.
 37340 | Elf:1    | Bought a smoking mace for 224 gold pieces
 37340 | Elf:1    | Identified the +9 mace "Killer Klown's Curse" {freeze,
                  | rElec rF- rCorr Stlth+} (You bought it in a shop on level 1
                  | of the Elven Halls)
 37724 | Elf:1    | Reached XP level 17. HP: 111/143 MP: 27/38
 38077 | Elf:1    | Found Rikhlyut's Assorted Antiques.
 38085 | Elf:1    | Bought a potion of heal wounds for 150 gold pieces
 38213 | Elf:1    | Found Pipaeri's Weapon Boutique.
 38221 | Elf:1    | Found Qokhlaron's General Store.
 38539 | Elf:1    | Found Won Hyi's Weapon Emporium.
 38676 | Elf:1    | Lost mutation: Your flesh is heat resistant. (rF+) [potion
                  | of mutation]
 38676 | Elf:1    | Lost mutation: You tend to lose your temper in combat.
                  | [potion of mutation]
 38676 | Elf:1    | Lost mutation: You have sharp toenails. [potion of
                  | mutation]
 38676 | Elf:1    | Gained mutation: You are dopey. (Int -2) [potion of
                  | mutation]
 38676 | Elf:1    | Gained mutation: You sometimes lose the ability to read
                  | scrolls when taking damage. [potion of mutation]
 38676 | Elf:1    | Gained mutation: You have large cloven feet. [potion of
                  | mutation]
 38676 | Elf:1    | Gained mutation: Your muscles are strong. (Str +2) [potion
                  | of mutation]
 38677 | Elf:1    | Lost mutation: You have large cloven feet. [potion of
                  | mutation]
 38677 | Elf:1    | Lost mutation: Your muscles are strong. (Str +2) [potion of
                  | mutation]
 38677 | Elf:1    | Lost mutation: You sometimes lose the ability to read
                  | scrolls when taking damage. [potion of mutation]
 38677 | Elf:1    | Gained mutation: You are clumsy. (Dex -2) [potion of
                  | mutation]
 38677 | Elf:1    | Gained mutation: You have hidden genetic potential. [potion
                  | of mutation]
 38677 | Elf:1    | Gained mutation: You have great hidden genetic potential.
                  | [potion of mutation]
 38716 | Elf:2    | Paralysed by an air elemental for 1 turns
 38737 | Elf:2    | Reached skill level 10 in Armour
 38945 | Elf:2    | Found a runed translucent gate.
 38945 | Elf:2    | Found a runed translucent gate.
 38945 | Elf:2    | Found a runed translucent gate.
 38945 | Elf:2    | Noticed a deep elf blademaster
 38946 | Elf:2    | Noticed a deep elf blademaster
 38947 | Elf:2    | Noticed Foybonoth's ghost (adept MiFi)
 39035 | Elf:2    | Upgraded the game from 0.29-a0-416-g83a48905f1 to
                  | 0.29-a0-418-gc0181ea820
 39039 | Elf:2    | Identified the +2 robe of the Vestibule of Hell {Int-3
                  | Dex+4 Stlth+}
 39108 | Elf:2    | Found a runed translucent gate.
 39109 | Elf:2    | Found a runed translucent gate.
 39109 | Elf:2    | Found a runed translucent gate.
 39528 | Elf:2    | Paralysed by an air elemental for 1 turns
 39531 | Elf:2    | Paralysed by an air elemental for 1 turns
 39636 | Elf:2    | Found Roerchoysk's Distillery.
 39642 | Elf:2    | Bought a potion of invisibility for 144 gold pieces
 39642 | Elf:2    | Bought 2 potions of heal wounds for 180 gold pieces
 39642 | Elf:2    | Bought 2 potions of heal wounds for 180 gold pieces
 39642 | Elf:2    | Bought a potion of cancellation for 144 gold pieces
 39943 | Elf:2    | Paralysed by an air elemental for 1 turns
 40200 | Elf:3    | Entered Level 3 of the Elven Halls
 40294 | Elf:3    | Paralysed by an air elemental for 1 turns
 40297 | Elf:3    | Paralysed by an air elemental for 1 turns
 40785 | Elf:3    | Found a runed translucent door.
 41001 | Elf:3    | Paralysed by an air elemental for 1 turns
 41005 | Elf:3    | Paralysed by an air elemental for 1 turns
 41052 | Elf:3    | Noticed a deep elf blademaster
 41061 | Elf:3    | Killed a deep elf blademaster
 41621 | Elf:3    | Identified the +6 lajatang of Beogh's Reproof {freeze, Fly
                  | rF- rC+ Int+7}
 41665 | Elf:3    | Noticed an Ice Fiend
 42273 | Elf:3    | Identified the ring "Farauh" {rPois rF++ Str+4 Dex+6
                  | Slay-5}
 42414 | Elf:3    | Identified the +7 morningstar of Royalism {flame, Int+2}
 42443 | Elf:3    | Identified the +1 long sword of Crawling {antimagic, rN+
                  | Stlth+}
 42746 | Elf:3    | Identified the +1 arbalest "Offey" {vorpal, rF+ Int+4
                  | Dex+4}
 42746 | Elf:3    | Identified the +3 shortbow "Tetsymiq" {flame, Int+4}
 42980 | Elf:3    | Noticed an Ice Fiend
 42981 | Elf:3    | Noticed a Brimstone Fiend
 43232 | Elf:3    | Noticed a deep elf blademaster
 43244 | Elf:3    | Killed a deep elf blademaster
 43539 | Elf:3    | Got the Guide on Virous Bewitchment
 43597 | Elf:3    | Got the Tome of the Captivating Blaze
 43598 | Elf:3    | Upgraded the game from 0.29-a0-418-gc0181ea820 to
                  | 0.29-a0-422-gafbd6decc1
 43723 | Elf:3    | Reached XP level 18. HP: 129/154 MP: 33/40
 44142 | Elf:3    | Noticed gowby's ghost (adept BaIE)
 44162 | Elf:3    | Killed gowby's ghost
 44208 | Elf:3    | Identified the +4 war axe of Diet Blood {vorpal, Str+2}
 44448 | Vaults:1 | Entered Level 1 of the Vaults
 44519 | D:13     | Gained mutation: You possess an exceptional clarity of
                  | mind. [hidden potential]
 45161 | Vaults:1 | Learned a level 4 spell: Hailstorm
 46219 | Vaults:1 | Found Jeicenat's Armour Boutique.
 47588 | Vaults:2 | Reached skill level 10 in Ice Magic
 47782 | Vaults:2 | Found a crumbling gateway.
 48026 | Desolati | Entered the Desolation of Salt
 48866 | Desolati | Identified the +2 pair of gloves of the Flute {Str+3}
 48879 | Desolati | Identified the +2 pair of boots "Dughis" {Rampage Drain
                  | Dex+2}
 48894 | Desolati | Identified the +4 plate armour of Beogh's Reproof {rCorr
                  | Int+6}
 48897 | Desolati | Identified the +0 ring mail of Asceticism {Rampage rElec
                  | rC+}
 49149 | Desolati | Identified the amulet "Dituothre" {Acrobat rF+}
 49585 | Desolati | Got the Collected Works on Creative Ignition
 49708 | Desolati | Identified the amulet of Oruviruk {rC+ Regen+ Str+2}
 49711 | Desolati | Found the +0 pair of fencer's gloves {Riposte Dex+3}
 50222 | Vaults:2 | Reached XP level 19. HP: 142/163 MP: 30/42
 51107 | Vaults:2 | Lost mutation: You are clumsy. (Dex -2) [hidden potential]
 51107 | Vaults:2 | Lost mutation: You have great hidden genetic potential.
                  | [hidden potential expressed]
 52097 | Vaults:2 | Upgraded the game from 0.29-a0-422-gafbd6decc1 to
                  | 0.29-a0-451-gfbfa42419e
 53204 | Vaults:3 | Identified the +4 trident of Zem Tack {venom, Stlth+}
 53513 | Vaults:3 | Reached skill level 19 in Conjurations
 53515 | Vaults:3 | Noticed Saint Roka
 53529 | Vaults:3 | Killed Saint Roka
 54309 | Vaults:3 | Noticed a dread lich
 54314 | Vaults:3 | Killed a dread lich
 55420 | Vaults:3 | Found a portal to a secret trove of treasure.
 55427 | Vaults:3 | Identified the +1 short sword of the Ring {vorpal, *Corrode
                  | Str+8}
 55824 | Vaults:3 | Found a staircase to the Crypt.
 55876 | Crypt:1  | Entered Level 1 of the Crypt
 55967 | Vaults:4 | Identified the +1 ring mail of the Eagle {rF++ rN+}
 57930 | Vaults:4 | Reached XP level 20. HP: 143/176 MP: 23/44
 59503 | Lair:2   | Gained mutation: You are agile. (Dex +2) [hidden potential]
 60321 | Spider:2 | Noticed Donald
 60326 | Spider:2 | Killed Donald
 61288 | Spider:2 | Noticed Arachne
 61299 | Spider:2 | Killed Arachne
 62786 | Spider:3 | Reached skill level 15 in Spellcasting
 63160 | Spider:3 | Found a runed translucent gate.
 63160 | Spider:3 | Found a runed translucent gate.
 63160 | Spider:3 | Found a runed translucent gate.
 63160 | Spider:3 | Noticed dolemite99's ghost (adept DsGl)
 64024 | Spider:4 | Entered Level 4 of the Spider Nest
 64068 | Spider:4 | Noticed Nikola
 64079 | Spider:4 | Killed Nikola
 64717 | Spider:4 | Reached skill level 1 in Staves
 64928 | Spider:4 | Noticed Aizul
 64939 | Spider:4 | Killed Aizul
 65993 | Spider:4 | Learned a level 3 spell: Summon Guardian Golem
 66390 | Spider:4 | Reached skill level 15 in Fighting
 66613 | Spider:4 | Got a gossamer rune of Zot
 66896 | Lair:6   | Killed Akli Xiu's ghost
 67588 | Slime:1  | Reached XP level 21. HP: 119/184 MP: 3/46
 68132 | Slime:2  | Paralysed by a floating eye for 4 turns
 68608 | Slime:2  | Gained mutation: You are very agile. (Dex +4) [hidden
                  | potential]
 68608 | Slime:2  | Lost mutation: You have hidden genetic potential. [hidden
                  | potential expressed]
 68624 | Slime:3  | Gained mutation: You are very dopey. (Int -4) [a shining
                  | eye]
 68627 | Slime:2  | Gained mutation: Your spells are a little harder to cast,
                  | but a little more powerful. [a shining eye]
 68916 | Slime:3  | Gained mutation: You have a pair of small antennae on your
                  | head. [a shining eye]
 70261 | Slime:5  | Entered Level 5 of the Pits of Slime
 70699 | Slime:5  | HP: 4/184 [azure jelly (28)]
 70699 | Slime:5  | HP: 1/184 [azure jelly (3)]
 70699 | Slime:5  | Demolished by an azure jelly

Illustrated notes

Levels and vault maps discovered:
D:1:      scummos_arrival_forest, layout_loops_ring, corexii_hall_statues_i,
          minmay_quantized
D:2:      layout_loops_ring, shapermc_ecumenical_altar_mp_urbaneastern,
          basic_altar, kennysheep_generic_room_11, uniq_robin
D:3:      layout_loops_ring, gup_sewer_entry_bubbles
D:4:      layout_loops_ring, grunt_dithmenos_smoke_and_mirrors,
          kennysheep_little_box, temple_statues
D:5:      layout_rooms, vehumet_statue, gammafunk_ghost_mausoleum,
          hangedman_abyss_or_decor_lesser_grid
D:6:      layout_loops_ring, enter_ossuary_1, hangedman_decor_riveting,
          hangedman_decor_push
D:7:      layout_basic
D:8:      layout_cave_pods, nicolae_qazlal_scattered_showers, lemuel_tele_altar,
          fedhas_altar_3, enter_bailey_4
D:9:      layout_irregular_city
D:10:     layout_roguey, erik_lair_orcish_takeover, nrook_mini_vaults
D:11:     layout_irregular_city, hiddenorc2_lemuel, uniq_grum
D:12:     gammafunk_beogh_shrine, layout_basic
D:13:     layout_roguey, erik_vaults_2, special_room [special_room_bee]
D:14:     layout_loops_cross, minmay_misc_feat_encased, hex_tiny
D:15:     gammafunk_enter_depths_forms, layout_long_grid, serial_bayou_ford_a,
          nzn_hepliaklqana_mist_gate
Lair:1:   layout_regular_city, gammafunk_ghost_berserking_beasts,
          cheibrodos_lair_lostbears
Lair:2:   hellmonk_ruined_rings, layout_regular_city, swamp_mist_pool,
          dummy_spider_entry, serial_bayou_shore_a
Lair:3:   layout_regular_city, serial_bayou_shore_b, lemuel_fruit_tree,
          grunt_megastairs_5, uniq_rupert
Lair:4:   layout_big_grid, serial_bayou_shore_b, grunt_megastairs_1,
          serial_bayou_shore_b, uniq_josephine
Lair:5:   cheibrodos_lair_overgrown_chateau, layout_layer_cave
Lair:6:   evilmike_catoblepas_cave, layout_small_grid, slime_dummy,
          ebering_ghost_xom
Swamp:1:  layout_basic_swamp, evilmike_swamp_ruin_house_2, swamp_pool1
Swamp:2:  layout_falls_marsh, evilmike_swamp_ruin_rubble_1
Swamp:3:  layout_basic_swamp, hangedman_swamp_ruin_hall, swamp_pool2,
          grunt_hermit_hut
Swamp:4:  swamp_basic_johnstein, layout_basic_swamp, swamp_pool1
Spider:1: layout_spider_delve
Spider:2: layout_chambers, hangedman_spider_tarantella_strand, uniq_donald,
          uniq_arachne
Spider:3: layout_cave_pods, gammafunk_ghost_split, drop_trap,
          hangedman_spider_mandibles
Spider:4: floodkiller_spider_rune_tomb, uniq_aizul, uniq_nikola
Slime:1:  layout_caves, cheibrodos_slime_lost_civilization_6
Slime:2:  layout_caves
Slime:3:  layout_caves, nicolae_slime_welcoming_committee
Slime:4:  layout_caves
Slime:5
Orc:1:    layout_caves
Orc:2:    pubby_orc_utopia
Elf:1:    eino_elf_arrival_the_gate, layout_gridlike,
          portal_ice_cave_entry_pillars_2, serial_shops, nicolae_shop_stone,
          nicolae_diamond_shop, nicolae_shop_statue_plus, shop,
          nicolae_shop_hallway_plus, minivault_28, minivault_20
Elf:2:    nicolae_elf_blades_crystal_corner, layout_geoelf_diagonals,
          serial_shops, shop, gammafunk_ghost_fury_of_okawaru
Elf:3:    elf_hall, layout_geoelf_castle, ebering_ghost_reflecting_pool
Vaults:1: vaults_mumra_minichess, vaults_room_corners, ontoclasm_vaults_bender,
          nicolae_vaults_big_angled_halls, nicolae_vaults_puzzle_piece,
          vaults_mumra_hex, nicolae_vaults_network_quinsquares
          [nicolae_vaults_network_quincunx_subvault,
          nicolae_vaults_network_quincunx_subvault,
          nicolae_vaults_network_quincunx_subvault,
          nicolae_vaults_network_quincunx_subvault], vaults_dpeg_encased_lava,
          vaults_dpeg_spiral, layout_vaults_omnicross, serial_shops,
          nicolae_shop_temple_entry_statues_fountains
Vaults:2: portal_desolation_entry_twin_temple, hangedman_vaults_hat,
          nicolae_vaults_little_squares_3, hangedman_vaults_impose,
          nicolae_vaults_know_your_exits, vaults_room_grunt_arrival_ludios,
          nicolae_vaults_border_crossing, v_misc_23,
          nicolae_vaults_big_angled_halls, vaults_room_pool, v_misc_2,
          v_misc_12, grunt_vaults_funnel, grunt_vaults_diagonal,
          layout_vaults_maze_bifur
Vaults:3: minmay_crypt_entry_simple_statues, nicolae_vaults_hallways_thing,
          vaults_standard_mumra_lines, ontoclasm_vaults_chip,
          nicolae_vaults_shelves_hall, vaults_mumra_chevron,
          nicolae_vaults_three_branches, nicolae_vaults_asterisk,
          layout_vaults_quadrants, nicolae_trove_entry_diagonal, uniq_saint_roka
Vaults:4: nicolae_vaults_rhombus_5, hangedman_vaults_stagger, v_misc_26,
          hangedman_vaults_slither, v_misc_27, nicolae_vaults_network_square,
          nicolae_vaults_network_star, ontoclasm_vaults_shuriken,
          vaults_room_fancy_cross, vaults_dpeg_cross, vaults_dpeg_diagonal,
          layout_vaults_omnibox
Crypt:1:  layout_regular_city

Skill      XL: |  1  2  3  4  5  6  7  8  9 10 11 12 13 14 15 16 17 18 19 20 21 |
---------------+----------------------------------------------------------------+-----
Dodging        | 2 3 |  3.0
Spellcasting   | 2 3 4 5 6 7 8 9 10 11 12 13 14 15 | 15.3
Stealth        | 2 3 |  3.0
Conjurations   | 4 5 6 7 9 10 11 13 15 17 18 19 | 19.8
Fighting       | 1 2 3 5 7 9 10 12 13 14 15 | 15.2
Hexes          | 1 2 4 5 6 7 8 |  8.6
Earth Magic    | 1 2 3 5 8 |  8.9
Translocations | 2 4 5 6 |  6.4
Shields        | 2 4 5 6 7 |  7.1
Ice Magic      | 5 6 7 11 12 13 14 | 14.1
Air Magic      | 5 6 |  6.0
Armour         | 8 10 11 12 | 12.0
Staves         | 2 3 |  3.2

Action                   |  1- 3 |  4- 6 |  7- 9 | 10-12 | 13-15 | 16-18 | 19-21 || total
-------------------------+-------+-------+-------+-------+-------+-------+-------++-------
Melee: Staff             |       |       |       |     5 |     9 |    10 |    49 ||    73
 Fire: Hunting sling     |    24 |   130 |       |       |       |       |       ||   154
Throw: Dart              |       |     1 |       |       |       |       |       ||     1
 Cast: Magic Dart        |    80 |    46 |   126 |   266 |   207 |    21 |     9 ||   755
       Searing Ray       |     3 |    26 |    44 |    74 |    55 |    24 |     5 ||   231
       Stone Arrow       |       |     9 |    18 |    10 |    96 |    53 |    85 ||   271
       Fulminant Prism   |       |       |    36 |   143 |   159 |   313 |   193 ||   844
       Poisonous Vapours |       |       |     2 |     4 |     5 |       |     2 ||    13
       Iskenderun's Myst |       |       |     1 |    44 |   131 |   180 |   265 ||   621
       Passwall          |       |       |       |     2 |       |       |       ||     2
       Call Imp          |       |       |       |     2 |       |       |     4 ||     6
       Orb of Destructio |       |       |       |       |   101 |   101 |   235 ||   437
       Freezing Cloud    |       |       |       |       |     6 |    33 |    25 ||    64
       Hailstorm         |       |       |       |       |       |       |     4 ||     4
       Summon Guardian G |       |       |       |       |       |       |     7 ||     7
Evoke: Wand              |       |       |       |       |       |     2 |     3 ||     5
       Phantom mirror    |       |       |       |       |       |     1 |       ||     1
  Use: Potion            |       |     6 |       |     3 |     4 |     7 |     4 ||    24
       Scroll            |       |       |     9 |    10 |    14 |     5 |     3 ||    41
Armor: Robe              |     6 |    28 |    24 |     7 |       |       |       ||    65
       Skin              |       |     1 |       |       |       |       |       ||     1
       Troll leather arm |       |       |       |    15 |    78 |     7 |       ||   100
       Scale mail        |       |       |       |       |       |   164 |   305 ||   469
       Leather armour    |       |       |       |       |       |     4 |       ||     4
Dodge: Dodged            |     5 |    97 |    47 |    60 |    97 |   140 |   191 ||   637
Block: Kite shield       |       |       |       |    72 |   108 |   117 |   279 ||   576
       Reflection        |       |       |       |       |       |       |     4 ||     4

Table legend: (Time is in decaauts)
 A = Elapsed time spent in this place.
 B = Non-inter-level travel time spent in this place.
 C = Inter-level travel time spent in this place.
 D = Time resting spent in this place.
 E = Time spent auto-exploring this place.
 F = Levels seen in this place.
 G = Mean time per level.
                   A        B        C        D        E       F      G
               +--------+--------+--------+--------+--------+-----+--------+
         Total |  71506 |  68239 |   3267 |  25996 |  26554 |  49 | 1459.3 |
       Dungeon |  17630 |  16446 |   1184 |   3827 |   9244 |  15 | 1175.3 |
          Lair |   9812 |   8928 |    884 |   2527 |   4372 |   6 | 1635.3 |
         Swamp |   4175 |   3998 |    177 |   1206 |   1831 |   4 | 1043.8 |
   Spider Nest |   7400 |   7117 |    283 |   3238 |   2305 |   4 | 1850.0 |
    Slime Pits |   3824 |   3784 |     40 |   1895 |   1266 |   5 |  764.8 |
  Orcish Mines |   3304 |   3062 |    242 |    751 |   1222 |   2 | 1652.0 |
   Elven Halls |   7277 |   7144 |    133 |   3507 |   1956 |   3 | 2425.7 |
        Vaults |  11961 |  11640 |    321 |   6209 |   2962 |   4 | 2990.2 |
         Crypt |      1 |      1 |      0 |      0 |      0 |   1 |    1.0 |
         Sewer |   1653 |   1653 |      0 |    655 |    743 |   1 | 1653.0 |
       Ossuary |    370 |    370 |      0 |     20 |     56 |   1 |  370.0 |
        Bailey |    447 |    447 |      0 |    118 |     30 |   1 |  447.0 |
      Ice Cave |   1780 |   1780 |      0 |    916 |    259 |   1 | 1780.0 |
    Desolation |   1865 |   1865 |      0 |   1127 |    303 |   1 | 1865.0 |
               +--------+--------+--------+--------+--------+-----+--------+

Top non-repeatable levels by time:
   Elf:3: 4039 daAuts
Vaults:2: 3792 daAuts
Vaults:3: 2934 daAuts
Vaults:1: 2864 daAuts
   Orc:2: 2761 daAuts
Spider:4: 2499 daAuts
Vaults:4: 2369 daAuts
     D:4: 2346 daAuts
Spider:2: 2084 daAuts
  Lair:6: 2064 daAuts
  Lair:5: 2019 daAuts
Desolation: 1865 daAuts
  Lair:1: 1808 daAuts
   IceCv: 1780 daAuts
Spider:3: 1730 daAuts
